 Dungeon Crawl Stone Soup version 0.26-a0-682-g294304f6e8 (webtiles) character file.

Game seed: 1806777215042488714

599 ringo67 the Chopper (level 7, -2/66 HPs)
             Began as a Naga Fighter on Oct 21, 2020.
             Was a Believer of Yredelemnul.
             Slain by Grinder (5 damage)
             ... on level 5 of the Dungeon.
             The game lasted 00:08:56 (4376 turns).

ringo67 the Chopper (Naga Fighter)                  Turns: 4376, Time: 00:08:56

Health: -2/66      AC: 12    Str: 20    XL:     7   Next: 41%
Magic:  8/8        EV:  3    Int:  9    God:    Yredelemnul [**....]
Gold:   197        SH:  9    Dex: 10    Spells: 6/6 levels left

rFire    . . .     SeeInvis +   A - +0 flail
rCold    + . .     Faith    +   c - +0 kite shield
rNeg     . . .     Spirit   .   g - +0 chain mail
rPois    +         Reflect  .   f - +0 helmet
rElec    .         Harm     .   (no cloak)
rCorr    .         Rampage  .   (no gloves)
MR       .....                  (no barding)
Stlth    ..........             u - amulet of faith
HPRegen  0.21/turn              n - ring of protection from cold
MPRegen  0.11/turn              y - +4 ring of protection

@: short of breath, very slow
A: large, see invisible, deformed body, poison resistance, slowness 2, spit
poison 1, AC +2
a: Spit Poison, Animate Remains, Recall Undead Slaves, Injury Mirror, Renounce
Religion


You were on level 5 of the Dungeon.
You worshipped Yredelemnul.
Yredelemnul was pleased with you.
You visited 1 branch of the dungeon, and saw 5 of its levels.

You collected 197 gold pieces.

Inventory:

Hand Weapons
 a - a +0 war axe
 A - a +0 flail (weapon)
Missiles
 i - 10 poisoned darts (quivered)
 o - 4 curare-tipped darts
Armour
 c - a +0 kite shield (worn)
 f - a +0 helmet (worn)
 g - a +0 chain mail (worn)
Jewellery
 n - a ring of protection from cold (left hand)
 u - an amulet of faith (around neck)
 v - an uncursed ring of magical power
 y - a +4 ring of protection (right hand)
Scrolls
 e - a scroll of enchant weapon {unknown}
 k - 5 scrolls of identify
 m - a scroll of blinking
 q - a scroll of remove curse
 r - a scroll of immolation {unknown}
 t - a scroll of fear {unknown}
 w - a scroll of teleportation {unknown}
 x - a scroll of fog {unknown}
 z - a scroll of enchant armour {unknown}
Potions
 b - a potion of brilliance {unknown}
 d - 2 potions of might
 h - a potion of haste {unknown}
 j - a potion of flight {unknown}
 l - 2 potions of curing
 p - a potion of magic {unknown}
 s - a potion of lignification {unknown}


   Skills:
 + Level 4.6 Fighting
 - Level 5.2 Axes
 * Level 0.0(3.1) Maces & Flails
 - Level 3.3 Armour
 + Level 3.7 Shields
 + Level 1.6 Invocations


You had 6 spell levels left.
You didn't know any spells.
Your spell library contained the following spells:

 Spells                   Type           Power        Failure   Level
 Corona                   Hex            #......      100%        1
 Ensorcelled Hibernation  Hex/Ice        #.....       100%        2
 Confusing Touch          Hex            #.......     100%        3
 Dazzling Flash           Conj/Hex       #.....       100%        3
 Tukima's Dance           Hex            #.......     100%        3


Dungeon Overview and Level Annotations

Branches:
Dungeon (5/15)             Temple (0/1) D:4

Altars:
Ashenzari
Sif Muna
Wu Jian
Yredelemnul
The Shining One

Shops:
D:4 (

Annotations:
D:5 Grinder


Innate Abilities, Weirdness & Mutations

You cannot wear boots.
Your serpentine skin is tough. (AC +2)
You have supernaturally acute eyesight. (SInv)
Armour fits poorly on your strangely shaped body.
Your system is resistant to poisons. (rPois)
You cover ground very slowly.
You can spit poison.


Message History

The splash of poison misses Grinder.
You block Grinder's attack.
You closely miss Grinder.
Grinder is severely wounded.
You block Grinder's attack.
You barely miss Grinder.
Grinder is severely wounded.
You have got your breath back.
You block Grinder's attack.
Your shield prevents you from hitting Grinder.
Grinder is severely wounded.
You block Grinder's attack.
Press: ? - help, Shift-Dir - straight line, f/p - Grinder
Aim: Grinder (severely wounded)
The splash of poison hits Grinder.
Grinder is severely wounded.
Grinder hits you.
* * * LOW HITPOINT WARNING * * *
You writhe in agony.
You die...
Your body rises from the dead as a mindless zombie.

#.. #.# ....#
..########.#.#
.........#.#.#
#.##.#.# #@##.#.#
#5##.#.# ##
###.##.#.##### ...
#............#
##.##.#.##...###.#
...............#.#
#.........#.###.#
...........#.# #.#
######..###.#.#
#.#


You could see Grinder.

Vanquished Creatures
  Sigmund (D:3)
  A black bear (D:4)
  A howler monkey (D:4)
  A bullfrog skeleton (D:4)
  An iguana (D:4)
  A worker ant (D:4)
  Terence (D:2)
  7 adders
  4 gnolls (D:4)
  2 oozes
  An adder skeleton (D:4)
  2 worms (D:2)
  2 dart slugs
  A leopard gecko (D:3)
  8 bats
  5 giant cockroaches
  11 goblins
  10 hobgoblins
  17 jackals
  14 kobolds
  A quokka (D:4)
  5 frilled lizards
  4 rats
101 creatures vanquished.

Notes
Turn   | Place    | Note
-------+----------+-------------------------------------------
     0 | D:1      | ringo67 the Naga Fighter began the quest for the Orb.
     0 | D:1      | Reached XP level 1. HP: 21/21 MP: 1/1
    59 | D:1      | Reached XP level 2. HP: 21/28 MP: 2/2
   277 | D:1      | Reached XP level 3. HP: 30/34 MP: 3/3
  1250 | D:2      | Reached skill level 3 in Axes
  1267 | D:2      | Reached XP level 4. HP: 35/42 MP: 4/4
  1378 | D:2      | You fall into a shaft and drop 2 floors!
  1466 | D:2      | Found a broken altar of Ashenzari.
  1627 | D:2      | Noticed Terence
  1633 | D:2      | Killed Terence
  1633 | D:2      | Reached XP level 5. HP: 48/49 MP: 5/5
  1673 | D:2      | Found a basalt altar of Yredelemnul.
  1676 | D:2      | Found a glowing golden altar of the Shining One.
  1679 | D:2      | Noticed an angel
  1689 | D:2      | Noticed a profane servitor
  1694 | D:2      | Became a worshipper of Yredelemnul the Dark
  2302 | D:3      | Found an ornate altar of the Wu Jian Council.
  2438 | D:3      | Reached * piety under Yredelemnul
  2523 | D:3      | Noticed Sigmund
  2539 | D:3      | Killed Sigmund
  2539 | D:3      | Reached skill level 4 in Axes
  2539 | D:3      | Reached XP level 6. HP: 20/57 MP: 6/6
  2796 | D:3      | Found a shimmering blue altar of Sif Muna.
  2996 | D:4      | Found Ojublyeh's Antique Weapon Shoppe.
  3226 | D:4      | Found a staircase to the Ecumenical Temple.
  3462 | D:4      | Reached XP level 7. HP: 66/66 MP: 7/7
  3567 | D:4      | Reached skill level 1 in Invocations
  3787 | D:4      | Reached skill level 5 in Axes
  3964 | D:4      | Reached ** piety under Yredelemnul
  4248 | D:5      | Entered Level 5 of the Dungeon
  4333 | D:5      | Noticed Grinder
  4352 | D:5      | Paralysed by Grinder for 3 turns
  4367 | D:5      | Paralysed by Grinder for 5 turns
  4376 | D:5      | HP: 3/66 [Grinder (5)]
  4376 | D:5      | Slain by Grinder

Illustrated notes

Levels and vault maps discovered:
D:1:      onia_arrival_mini_spirals, layout_basic, item_on_display_a
D:2:      layout_basic, grunt_temple_overflow_holy_war,
          nicolae_overflow_crystal_walls, uniq_terence
D:3:      layout_basic, lemuel_round_altar, old_standard_altar, uniq_sigmund
D:4:      layout_loops_corners, minmay_temple_entry_fiery, serial_shops, shop,
          minmay_goblin_kobold_house
D:5:      layout_basic, kennysheep_mini, gup_ossuary_entry_pyramid, basic_altar,
          uniq_eustachio, uniq_grinder

Skill      XL: |  1  2  3  4  5  6  7 |
---------------+----------------------+-----
Axes           | 3 4 5 |  5.2
Armour         | 3 |  3.3
Shields        | 3 |  3.7
Fighting       | 4 |  4.6
Invocations    | 1 |  1.6

Action                   |  1- 3 |  4- 6 |  7- 9 || total
-------------------------+-------+-------+-------++-------
Melee: War axe           |   120 |   162 |    42 ||   324
       Flail             |       |       |    27 ||    27
Throw: Dart              |       |     1 |       ||     1
 Abil: Spit Poison       |     7 |    19 |    12 ||    38
  Use: Scroll            |       |       |     3 ||     3
Armor: Scale mail        |    25 |       |       ||    25
       Chain mail        |    71 |   101 |    56 ||   228
Dodge: Dodged            |    26 |    23 |    10 ||    59
Block: Kite shield       |    68 |    70 |    23 ||   161

Table legend: (Time is in decaauts)
 A = Elapsed time spent in this place.
 B = Non-inter-level travel time spent in this place.
 C = Inter-level travel time spent in this place.
 D = Time resting spent in this place.
 E = Time spent auto-exploring this place.
 F = Levels seen in this place.
 G = Mean time per level.
                   A        B        C        D        E       F      G
               +--------+--------+--------+--------+--------+-----+--------+
         Total |   5604 |   5346 |    258 |    343 |   3961 |   5 | 1120.8 |
       Dungeon |   5604 |   5346 |    258 |    343 |   3961 |   5 | 1120.8 |
               +--------+--------+--------+--------+--------+-----+--------+

Top non-repeatable levels by time:
     D:4: 1655 daAuts
     D:1: 1393 daAuts
     D:2: 1343 daAuts
     D:3: 1098 daAuts
     D:5: 112 daAuts
